 Dungeon Crawl Stone Soup version 0.29-a0-284-gf9362112df (webtiles) character file.

Game seed: 13801835399817704279

127 siradein the Grave Robber (level 4, -3/32 HPs)
             Began as a Vampire Necromancer on Mar 23, 2022.
             Killed by divine providence
             ... invoked by an orc priest
              (11 damage)
             ... on level 3 of the Dungeon.
             The game lasted 00:07:09 (2236 turns).

siradein the Grave Robber (Vampire Necromancer)     Turns: 2236, Time: 00:07:10

Health: -3/32      AC:  3    Str:  7    XL:     4   Next: 85%
Magic:  2/8        EV: 12    Int: 19    God:
Gold:   57         SH:  0    Dex: 14    Spells: 0/8 levels left

rFire   . . .      SeeInvis +   g - +0 dagger
rCold   . . .      Faith    .   (no shield)
rNeg    . . .      Spirit   .   e - +0 leather armour
rPois   .          Reflect  .   (no helmet)
rElec   .          Harm     .   (no cloak)
rCorr   .          Rampage  .   (no gloves)
Will    .....                   (no boots)
Stlth   ++........              (no amulet)
HPRegen 0.30/turn               (no ring)
MPRegen 0.11/turn               (no ring)

@: healing quickly
A: alive, fangs 3, see invisible, vampiric 2
a: Exsanguinate


You were on level 3 of the Dungeon.
You visited 1 branch of the dungeon, and saw 3 of its levels.

You collected 57 gold pieces.

Inventory:

Hand Weapons
 g - a +0 dagger (weapon)
Armour
 e - a +0 leather armour (worn)
Scrolls
 a - 2 scrolls of identify {unknown}
 d - 2 scrolls of teleportation
 f - a scroll of fog {unknown}
 k - a scroll of holy word {unknown}
 m - a scroll of immolation {unknown}
Potions
 b - a potion of magic
 c - a potion of heal wounds {unknown}
 h - a potion of lignification {unknown}
 i - a potion of mutation {unknown}
 j - 2 potions of curing {unknown}
 l - 3 potions of degeneration {unknown}
 n - a potion of might {unknown}


   Skills:
 + Level 1.6 Fighting
 + Level 3.1 Dodging
 - Level 3.0 Stealth
 + Level 2.6 Spellcasting
 * Level 5.5 Necromancy


You couldn't memorise any spells.
You knew the following spells:

 Your Spells              Type           Power      Damage    Failure   Level
a - Vampiric Draining     Necr           23%        2d7       8%          3
b - Pain                  Necr           92%        1d8       2%          1
c - Animate Dead          Necr           11%        N/A       24%         4

Your spell library contained the following spells:

 Spells                   Type           Power      Damage    Failure   Level
 Animate Skeleton         Necr           46%        N/A       2%          1
 Scorch                   Fire           4%         2d5       34%         2
 Agony                    Necr           23%        N/A       56%         5
 Flame Wave               Conj/Fire      2%         2d4       93%         4
 Summon Cactus Giant      Summ           1%         N/A       100%        6


Dungeon Overview and Level Annotations

Branches:
Dungeon (3/15)

Altars:
Qazlal


Innate Abilities, Weirdness & Mutations

Your natural rate of healing is accelerated.
You have razor-sharp teeth.
You have supernaturally acute eyesight. (SInv)
You are afflicted with vampirism and can become a bat while bloodless.


Message History

An orc priest comes into view. It is wielding a +0 whip.
The orc shouts!
The orc barely resists.
The orc priest shouts!
The hobgoblin shouts!
The orc priest looks braver for a moment.
There is a stone staircase leading up here.
The orc writhes in agony!
You kill the orc!
The hobgoblin writhes in agony.
You kill the hobgoblin!
The orc priest barely resists.
The orc priest writhes in agony.
The orc priest writhes in agony.
You hit the orc priest.
The orc priest is severely wounded.
The orc priest hits you with a +0 whip.
You completely miss the orc priest.
You bite the orc priest, but do no damage.
The orc priest is severely wounded.
The orc priest hits you with a +0 whip.
The orc priest writhes in agony.
The orc priest mumbles some strange prayers to Beogh against you.
Beogh smites you!
* * * LOW HITPOINT WARNING * * *
You are too injured to fight recklessly!
You are too injured to fight recklessly!
Casting: Pain (safe; 2% risk of failure)
Confirm with . or Enter, or press ? or * to list all spells.
You don't have enough magic to cast this spell.
Unknown command.
Unknown command.
Casting: Pain (safe; 2% risk of failure)
Confirm with . or Enter, or press ? or * to list all spells.
Aiming: Pain (safe; 2% risk of failure)
Press: ? - help, Shift-Dir - straight line, f/p - orc priest
Aim: an orc priest, wielding a +0 whip (severely wounded, chance to affect: 81%)
The orc priest writhes in agony.
The orc priest invokes the aid of Beogh against you.
Beogh smites you!
You die...

...................
...................
...................
.#..#.#####..#...#
#.##........# ..#
#.....#.†)..#...# #
###.#.#.....#
#.o....#....#
#@..#.....#.#
#.#...#.#...#
#.#.#.#.#...#
#.#.#.#.#..##
#.#.#.#.# ##
#.#.... #.##### ..#
###


You could see an orc priest.

Vanquished Creatures
  5 adders
  A worm (D:2)
  A dart slug (D:2)
  2 orcs (D:3)
  2 ball pythons
  6 bats
  2 endoplasms
  15 giant cockroaches
  5 goblins
  10 hobgoblins
  2 jackals (D:2)
  3 kobolds
  3 quokkas (D:1)
  7 rats
64 creatures vanquished.

Vanquished Creatures (others)
  A fungus (D:1)
1 creature vanquished.

Grand Total: 65 creatures vanquished

Notes
Turn   | Place    | Note
-------+----------+-------------------------------------------
     0 | D:1      | siradein the Vampire Necromancer began the quest for the
                  | Orb.
     0 | D:1      | Reached XP level 1. HP: 13/13 MP: 3/3
   266 | D:1      | Reached XP level 2. HP: 19/20 MP: 3/5
   371 | D:1      | Found a faded altar of an unknown god.
   782 | D:1      | Gained mutation: You are afflicted with vampirism and can
                  | become a bat while bloodless. [Vampire growth]
   782 | D:1      | Reached XP level 3. HP: 23/25 MP: 2/6
   787 | D:1      | Learned a level 3 spell: Vampiric Draining
   950 | D:2      | Reached skill level 1 in Fighting
  1097 | D:2      | Reached skill level 5 in Necromancy
  1323 | D:2      | Reached XP level 4. HP: 26/32 MP: 0/7
  1572 | D:2      | Found a stormy altar of Qazlal.
  1795 | D:2      | Learned a level 4 spell: Animate Dead
  2236 | D:3      | Killed from afar by an orc priest

Illustrated notes

Levels and vault maps discovered:
D:1:      scummos_arrival_gate, layout_rooms,
          dreamdust_ecumenical_altar_hidden_monk_grotto
D:2:      minmay_roachtagon, layout_basic, basic_altar
D:3:      layout_basic, minmay_misc_feat_five, wad_floor_pattern_1

Skill      XL: |  1  2  3  4 |
---------------+-------------+-----
Fighting       | 1 |  1.6
Necromancy     | 5 |  5.5
Dodging        | 3 |  3.1
Stealth        | |  3.0
Spellcasting   | |  2.6

Action                   |  1- 3 |  4- 6 || total
-------------------------+-------+-------++-------
Melee: Unarmed           |    22 |       ||    22
       Bite              |     3 |     3 ||     6
       Dagger            |     7 |    25 ||    32
       Punch             |     1 |       ||     1
 Cast: Pain              |    68 |    42 ||   110
  Use: Scroll            |       |     1 ||     1
Armor: Leather armour    |    19 |     7 ||    26
Dodge: Dodged            |    32 |    26 ||    58

Table legend: (Time is in decaauts)
 A = Elapsed time spent in this place.
 B = Non-inter-level travel time spent in this place.
 C = Inter-level travel time spent in this place.
 D = Time resting spent in this place.
 E = Time spent auto-exploring this place.
 F = Levels seen in this place.
 G = Mean time per level.
                   A        B        C        D        E       F      G
               +--------+--------+--------+--------+--------+-----+--------+
         Total |   2235 |   2202 |     33 |    122 |   1711 |   3 |  745.0 |
       Dungeon |   2235 |   2202 |     33 |    122 |   1711 |   3 |  745.0 |
               +--------+--------+--------+--------+--------+-----+--------+

Top non-repeatable levels by time:
     D:2: 1253 daAuts
     D:1: 887 daAuts
     D:3: 93 daAuts
